 Dungeon Crawl Stone Soup version 0.19.0-23-gf02e663 (webtiles) character file.

80 RKaid the Chopper (level 4, -2/40 HPs)
             Began as a Minotaur Fighter on Nov 19, 2016.
             Slain by a goblin (3 damage)
             ... led by Robin
             ... on level 1 of the Dungeon.
             The game lasted 00:01:18 (947 turns).

RKaid the Chopper (Minotaur Fighter)                 Turns: 947, Time: 00:01:19

Health: -2/40      AC:  6    Str: 21    XL:     4   Next: 18%
Magic:  3/3        EV:  7    Int:  5    God:
Gold:   79         SH:  9    Dex: 10    Spells: 0 memorised, 3 levels left

rFire  . . .     SeeInvis .     a - +0 war axe
rCold  . . .     Gourm    .     b - +0 scale mail
rNeg   . . .     Faith    .     c - +0 shield
rPois  .         Spirit   .     (helmet restricted)
rElec  .         Reflect  .     (no cloak)
rCorr  .         Harm     .     (no gloves)
MR     .....                    (no boots)
Stlth  ..........               (no amulet)
                                (no ring)
                                (no ring)

@: no status effects
A: retaliatory headbutt, horns 2
a: no special abilities


You were on level 1 of the Dungeon.
You were not hungry.

You visited 1 branch of the dungeon, and saw 2 of its levels.

You collected 79 gold pieces.

Inventory:

Hand Weapons
 a - a +0 war axe (weapon)
Armour
 b - a +0 scale mail (worn)
 c - a +0 shield (worn)
Jewellery
 s - an uncursed ring of stealth {unknown}
   (You found it on level 1 of the Dungeon)
Scrolls
 e - a scroll of remove curse {unknown}
 i - a scroll of random uselessness {unknown}
 k - 2 scrolls of amnesia {unknown}
 q - a scroll of identify {unknown}
 r - a scroll of teleportation {unknown}
Potions
 d - a potion of might
 l - a potion of mutation {unknown}
 m - a potion of lignification {unknown}
 n - a potion of curing {unknown}
 o - a potion of cure mutation {unknown}
Comestibles
 f - 2 bread rations
 g - 2 chunks of flesh
 h - a slice of pizza
 j - a beef jerky
 p - a meat ration


   Skills:
 - Level 3.7 Fighting
 + Level 5.3 Axes
 - Level 3.6 Armour
 - Level 3.7 Shields


You had 3 spell levels left.
You didn't know any spells.

Dungeon Overview and Level Annotations

Branches:
Dungeon (2/15)

Altars:


Innate Abilities, Weirdness & Mutations

You reflexively headbutt those who attack you in melee.
You have a pair of horns on your head.


Message History

The hobgoblin moves out of view.
The goblin hits you but does no damage.
A goblin comes into view.
The goblin shouts!
You hit the goblin.
You kill the goblin!
You hit the hobgoblin but do no damage.
The hobgoblin hits you but does no damage.
Robin throws the goblin at you! The goblin hits you.
The hobgoblin hits you but does no damage.
You slash the hobgoblin!
You kill the hobgoblin!
Your Axes skill increases to level 5!
You slash the goblin!
You kill the goblin!
You miss the goblin. You hit the goblin but do no damage.
You block the goblin's attack. Robin throws the goblin at you!
The goblin hits you but does no damage. The goblin hits you.
You closely miss the goblin. You headbutt the goblin.
You kill the goblin!
You closely miss the goblin. You barely miss the goblin.
You closely miss the goblin. You block the goblin's attack.
Robin says, "Bow before me, strongest of all the hobgoblins!"
The goblin closely misses you. You furiously retaliate!
You headbutt the goblin. You block the goblin's attack.
The goblin hits you but does no damage. The hobgoblin hits you.
The goblin hits you. Robin throws the goblin at you! The goblin hits you.
The goblin shouts!
You are too injured to fight recklessly!
You are too injured to fight recklessly!
You are too injured to fight recklessly!
You are too injured to fight recklessly!
You are too injured to fight recklessly!
You are too injured to fight recklessly!
You are too injured to fight recklessly!
You barely miss the goblin. You miss the goblin. You barely miss the hobgoblin.
You closely miss the goblin.
Your shield and scale mail prevent you from hitting the goblin.
You block the goblin's attack.
The hobgoblin hits you but does no damage.
You block the goblin's attack. The goblin hits you. x2
Robin says, "My army is invincible!"
The goblin hits you with a club.
* * * LOW HITPOINT WARNING * * *
You closely miss the goblin. You slash the goblin!
You kill the goblin!
You closely miss the hobgoblin.
Your shield prevents you from hitting the goblin.
You slash the hobgoblin!
You kill the hobgoblin!
You hit the goblin but do no damage. The goblin completely misses you.
The goblin hits you.
* * * LOW HITPOINT WARNING * * *
The goblin hits you but does no damage. The hobgoblin hits you with a club.
* * * LOW HITPOINT WARNING * * *
You block the goblin's attack. The goblin hits you with a club.
* * * LOW HITPOINT WARNING * * *
The goblin hits you but does no damage.
You hit the goblin.
You kill the goblin!
You hit the hobgoblin. You closely miss the goblin. You hit the goblin.
You kill the goblin!
You barely miss the goblin. You block the goblin's attack.
The hobgoblin barely misses you. You furiously retaliate!
You headbutt the hobgoblin.
You kill the hobgoblin!
You have reached level 4!
You feel agile. You block the goblin's attack.
The goblin hits you but does no damage.
Okay, then.
You block the goblin's attack.
There is a stone staircase leading up here.
You see here a goblin corpse.
The goblin closely misses you. You furiously retaliate!
You headbutt the goblin!
You kill the goblin!
You block Robin's attack. You block the goblin's attack.
You climb upwards.
There is a stone staircase leading down here.
You slash Robin! You closely miss the goblin.
The goblin no longer looks unusually strong.
Robin roars a battlecry!
The goblin goes into a battle-frenzy!
You block the goblin's attack.
You closely miss the goblin. You hit Robin but do no damage.
The goblin barely misses you. Robin hits you but does no damage.
You barely miss Robin. You closely miss the goblin.
The goblin hits you but does no damage. Robin barely misses you.
You block the goblin's attack.
You barely miss the goblin. Your headbutt misses the goblin. You slash Robin!
You kill Robin!
You block the goblin's attack.
Your shield and scale mail prevent you from hitting the goblin.
Your headbutt misses the goblin. You block the goblin's attack.
You hit the goblin. You block the goblin's attack. The goblin hits you.
* * * LOW HITPOINT WARNING * * *
You hit the goblin. The goblin hits you.
* * * LOW HITPOINT WARNING * * *
You miss the goblin. You block the goblin's attack.
You closely miss the goblin. The goblin hits you.
You die...

#....(........#######..
#........####..........
#......................
###............(.........
#...≈≈≈≈≈≈≈≈≈≈≈≈≈≈≈≈≈≈≈≈≈
#...≈≈≈≈≈≈≈≈≈≈≈≈≈≈≈≈≈≈≈≈≈
#...≈≈≈≈≈≈≈≈≈≈≈≈≈≈≈≈≈≈≈≈≈
#...≈≈≈#+#+#≈≈≈≈≈≈≈#+#+#≈
##...≈≈≈+@g.##+###+##...+≈
#....≈≈≈+)..#.......#...+≈
#....≈≈≈#'###(#####.#'#+#≈
#....≈≈≈≈≈'...#...#)..#≈≈≈
#....≈≈≈≈≈#.###.<.'.⌠.'≈≈≈
#....≈≈≈≈≈#.###...'.⌠.'≈≈≈
#....≈≈≈≈≈'...#...#...#≈≈≈
#....≈≈≈#'###.#####.###+#≈
#....≈≈≈'...'.......'...+≈


You could see a goblin.

Vanquished Creatures
  Robin (D:1)
  An adder (D:1)
  2 oozes (D:1)
  3 dart slugs (D:1)
  A leopard gecko (D:1)
  3 bats (D:1)
  2 giant cockroaches (D:1)
  9 goblins
  8 hobgoblins
  A ball python (D:1)
  2 frilled lizards (D:1)
  4 kobolds (D:1)
  8 rats
45 creatures vanquished.

Notes
Turn   | Place    | Note
-------+----------+-------------------------------------------
     0 | D:1      | RKaid the Minotaur Fighter began the quest for the Orb.
     0 | D:1      | Reached XP level 1. HP: 19/19 MP: 0/0
    50 | D:1      | Reached skill level 3 in Axes
    52 | D:1      | Reached XP level 2. HP: 18/27 MP: 1/1
   465 | D:1      | Reached skill level 4 in Axes
   482 | D:1      | Reached XP level 3. HP: 33/33 MP: 2/2
   926 | D:2      | Noticed Robin
   931 | D:2      | Reached skill level 5 in Axes
   933 | D:2      | HP: 8/33 [goblin/club[Robin] (4)]
   934 | D:2      | HP: 3/33 [hobgoblin/club[Robin] (1)]
   935 | D:2      | Reached XP level 4. HP: 2/40 MP: 3/3
   942 | D:1      | Killed Robin
   944 | D:1      | HP: 3/40 [goblin[Robin] (1)]
   945 | D:1      | HP: 1/40 [goblin[Robin] (2)]
   947 | D:1      | Slain by a goblin

Skill      XL: |  1  2  3 |
---------------+----------+-----
Axes           | 3 4 5 |  5.3
Fighting       | |  3.7
Armour         | |  3.6
Shields        | |  3.7

Action                   |  1- 3 |  4- 6 || total
-------------------------+-------+-------++-------
Melee: War axe           |    80 |     9 ||    89
       Headbutt          |    12 |       ||    12
Armor: Scale mail        |    31 |     3 ||    34
Dodge: Dodged            |    30 |     3 ||    33
Block: Shield            |    57 |    10 ||    67

Vault maps used:
D:1:      dpeg_arrival_castle
D:2:      uniq_robin

Table legend:
 A = Turns spent in this place as a percentage of turns spent in the entire game.
 B = Non-inter-level travel turns spent in this place as a percentage of non-inter-level travel turns spent in the entire game.
 C = Inter-level travel turns spent in this place as a percentage of turns spent in this place.
 D = Turns resting spent in this place as a percentage of non-inter-level travel turns spent in this place.
 E = Turns spent auto-exploring this place as a percentage of non-inter-level travel turns spent in this place.
 F = Non-inter-level travel turns spent in this place divided by the number of levels of this place that you've seen.
                   A       B       C       D       E      F
               +-------+-------+-------+-------+-------+----------------------
         Total | 100.0 | 100.0 |   0.3 |   0.8 |  11.8 | 186.5
       Dungeon | 100.0 | 100.0 |   0.3 |   0.8 |  11.8 | 186.5
               +-------+-------+-------+-------+-------+----------------------

Table legend:
 A = Kills in this place as a percentage of kills in entire the game.
 B = Kills by you in this place as a percentage of kills by you in the entire game.
 C = Kills by friends in this place as a percentage of kills by friends in the entire game.
 D = Other kills in this place as a percentage of other kills in the entire game.
 E = Experience gained in this place as a percentage of experience gained in the entire game.
 F = Experience gained in this place divided by the number of levels of this place that you have seen.
                   A       B       C       D       E      F
               +-------+-------+-------+-------+-------+----------------------
         Total | 100.0 | 100.0 |  -nan |  -nan | 100.0 |  57.5
       Dungeon | 100.0 | 100.0 |  -nan |  -nan | 100.0 |  57.5
               +-------+-------+-------+-------+-------+----------------------
